 Dungeon Crawl Stone Soup version 0.31-a0-851-g7ff8af7976 (webtiles) character file.

Game seed: 8854139777093545104

9 archon2 the Slasher (level 2, 22/22 HPs)
             Began as a Demonspawn Gladiator on Oct 7, 2023.
             Quit the game on level 1 of the Dungeon.
             The game lasted 00:00:46 (152 turns).

archon2 the Slasher (Demonspawn Gladiator)           Turns: 152, Time: 00:00:47

Health: 22/22      AC:  4    Str: 14    XL:     2   Next: 3%
Magic:  2/2        EV: 12    Int:  9    God:
Gold:   0          SH:  0    Dex: 14    Spells: 1/1 levels left

rFire   . . .        a - +0 long sword
rCold   . . .        (no shield)
rNeg    . . .        b - +0 leather armour
rPois   .            c - +0 helmet
rElec   .            (no cloak)
rCorr   .            (no gloves)
SInv    .            (no boots)
Will    .....        (no amulet)
Stlth   +            (no ring)
HPRegen 0.23/turn    (no ring)
MPRegen 0.08/turn

%: no passive effects
@: no status effects
A: demonic guardian 1
a: no special abilities


You were on level 1 of the Dungeon.
You visited 1 branch of the dungeon, and saw 1 of its levels.

Inventory:

Hand Weapons
 a - a +0 long sword (weapon)
Missiles
 d - 3 throwing nets (quivered)
 e - a javelin
Armour
 b - a +0 leather armour (worn)
 c - a +0 helmet (worn)
Scrolls
 f - a scroll of amnesia {unknown}
 g - a scroll of identify {unknown}
Potions
 h - a potion of attraction {unknown}


   Skills:
 + Level 2.2 Fighting
 * Level 3.0 Long Blades
 - Level 1.7 Throwing
 + Level 2.8 Dodging


You had one spell level left.
You didn't know any spells.
Your spell library was empty.

Dungeon Overview and Level Annotations

Branches:
Dungeon (1/15)

Altars:


Innate Abilities, Weirdness & Mutations

A weak demonic guardian rushes to your aid.


Message History

You hit the giant cockroach.
You kill the giant cockroach!
Things that are here:
a +0 short sword; 5 stones; a kobold corpse You start resting.
HP restored.
You start resting.
HP restored.
You see here a hobgoblin corpse.
Things that are here:
a +0 short sword; 5 stones; a kobold corpse
h - a red potion A bat comes into view.
The helpless bat fails to defend itself.
You slash the bat!
You kill the bat!
No target in view!
No target in view!
Found a stone staircase leading down.
A goblin comes into view. It is wielding a +0 club.
A hobgoblin comes into view.
The hobgoblin shouts!
You hear an angry hiss. x2
The goblin closely misses you.
You slash the goblin!
You kill the goblin!
Your Long Blades skill increases to level 3!
The hobgoblin hits you.
You hit the hobgoblin but do no damage. The hobgoblin closely misses you.
You closely miss the hobgoblin.
A frilled lizard comes into view.
The hobgoblin misses you.
You hit the hobgoblin.
The hobgoblin is heavily wounded.
The hobgoblin misses you.
You closely miss the hobgoblin. You punch the hobgoblin.
You kill the hobgoblin!
You have reached level 2!
Your demonic ancestry asserts itself...
You feel the presence of a demonic guardian.
Are you sure you want to abandon this character and quit the game? (Confirm with "yes".)

# # .. # .. # #+######.
# #....... # #.....# #
.. +.....+ #
...##..)..###.#.
##+#####........@...l...
............#.....###.#.
.......... #.....##
.......... #......#
.......... #......##
.......# #.......#
.......# #.....###
.......# #.>...#
#....### #.....# ..


You could see a frilled lizard.

Vanquished Creatures
  A giant cockroach (D:1)
  2 goblins (D:1)
  2 hobgoblins (D:1)
  A kobold (D:1)
  A bat (D:1)
  A rat (D:1)
8 creatures vanquished.

Notes
Turn   | Place    | Note
-------+----------+-------------------------------------------
     0 | D:1      | archon2 the Demonspawn Gladiator began the quest for the
                  | Orb.
     0 | D:1      | Reached XP level 1. HP: 16/16 MP: 1/1
   147 | D:1      | Reached skill level 3 in Long Blades
   152 | D:1      | Gained mutation: A weak demonic guardian rushes to your
                  | aid. [demonic ancestry]
   152 | D:1      | Reached XP level 2. HP: 22/22 MP: 2/2
   152 | D:1      | Quit the game

Illustrated notes

Levels and vault maps discovered:
D:1:      minmay_arrival_jagged, layout_basic,
          hellmonk_ecumenical_altar_lost_god

Skill      XL: |  1 |
---------------+----+-----
Long Blades    | 3 |  3.0
Fighting       | |  2.2
Throwing       | |  1.7
Dodging        | |  2.8

Action                     || total
---------------------------++-------
  Melee: Long sword        ||    19
         Punch             ||     1
   Stab: Sleeping          ||     1
 Armour: Leather armour    ||    12
  Dodge: Dodged            ||     8

Table legend: (Time is in decaauts)
 A = Elapsed time spent in this place.
 B = Non-inter-level travel time spent in this place.
 C = Inter-level travel time spent in this place.
 D = Time resting spent in this place.
 E = Time spent auto-exploring this place.
 F = Levels seen in this place.
 G = Mean time per level.
                   A        B        C        D        E       F      G
               +--------+--------+--------+--------+--------+-----+--------+
         Total |    157 |    157 |      0 |     33 |     75 |   1 |  157.0 |
       Dungeon |    157 |    157 |      0 |     33 |     75 |   1 |  157.0 |
               +--------+--------+--------+--------+--------+-----+--------+

Top non-repeatable levels by time:
     D:1: 157 daAuts
